 Dungeon Crawl Stone Soup version 0.18-a0-1147-g8e8348b (webtiles) character file.

64 RedPan the Chiller (level 3, -11/26 HPs)
             Began as a Draconian Ice Elementalist on Jan 22, 2016.
             Mangled by a worm (12 damage)
             ... on level 2 of the Dungeon.
             The game lasted 00:04:56 (1402 turns).

RedPan the Chiller (Draconian Ice Elementalist)     Turns: 1402, Time: 00:04:56

Health: -11/26     AC:  3    Str: 10    XL:     3   Next: 91%
Magic:  2/7        EV: 12    Int: 16    God:
Gold:   61         SH:  0    Dex: 11    Spells: 2 memorised, 5 levels left

rFire  . . .     SeeInvis .     k - +3 short sword (flame)
rCold  . . .     Gourm    .     (armour unavailable)
rNeg   . . .     Faith    .     (no shield)
rPois  .         Spirit   .     (helmet restricted)
rElec  .         Dismiss  .     (no cloak)
rCorr  .         Reflect  .     (no gloves)
SustAt .         Harm     .     (no boots)
MR     .....                    (no amulet)
Stlth  ++........               (no ring)
                                i - -2 ring of protection (curse)

@: very slightly contaminated, not resistant to hostile enchantments, unstealthy
A: unfitting armour, cold-blooded, AC +5
a: no special abilities


You were on level 2 of the Dungeon.
You were not hungry.

You visited 1 branch of the dungeon, and saw 2 of its levels.

You collected 61 gold pieces.

Inventory:

Hand Weapons
 f - a +0 dagger
 k - a +3 short sword of flaming (weapon)
 m - a +2 dagger of venom
Jewellery
 i - a cursed -2 ring of protection (left hand)
Scrolls
 e - a scroll of identify {unknown}
 j - a scroll of enchant armour {unknown}
Potions
 c - a potion of magic {unknown}
 h - a potion of might {unknown}
 l - a potion of brilliance {unknown}
Books
 a - a book of Frost

   Spells                             Type                      Level
   a - Freeze                         Ice                          1
   b - Throw Frost                    Conjuration/Ice              2
   c - Ozocubu's Armour               Charms/Ice                   3
   d - Throw Icicle                   Conjuration/Ice              4
   e - Summon Ice Beast               Ice/Summoning                4
   f - Condensation Shield            Ice                          4
Comestibles
 b - a bread ration
 d - 2 chunks of flesh
 g - a meat ration


   Skills:
 - Level 1.7 Dodging
 - Level 1.7 Stealth
 * Level 3.2 Spellcasting
 + Level 2.0 Conjurations
 + Level 3.4 Ice Magic


You had 5 spell levels left.
You knew the following spells:

 Your Spells              Type           Power        Failure   Level  Hunger
a - Freeze                Ice            ##..         6%          1    None
b - Throw Frost           Conj/Ice       ##....       10%         2    ##.....


Dungeon Overview and Level Annotations

Branches:
Dungeon (2/15)

Altars:
The Shining One


Innate Abilities, Weirdness & Mutations

Your plain brown scales are hard (AC +5).
Your body does not fit into most forms of armour.
You are cold-blooded and may be slowed by cold attacks.


Message History

Press: ? - help, Shift-Dir - straight line, f/p - kobold
Aim: a kobold (moderately wounded)
You freeze the kobold.
You kill the kobold!
Casting: Freeze
Confirm with . or Enter, or press ? or * to list all spells.
Aiming: Freeze
Press: ? - help, Shift-Dir - straight line, f - worm
Aim: a worm You freeze the worm.
The worm is lightly wounded.
Casting: Freeze
Confirm with . or Enter, or press ? or * to list all spells.
Aiming: Freeze
Press: ? - help, Shift-Dir - straight line, f/p - worm
Aim: a worm (lightly wounded)
You freeze the worm.
The worm is moderately wounded.
The worm bites you!
You die...

#...........#
######......#
#......########
#.............#
#.....#######.#
########..#
.......#..#
..)..#..#
.♣..♣..#@##
......††w#
.......'.#
.♣..♣..###
....... . .....
######


You could see a worm.

Vanquished Creatures
  2 adders (D:2)
  An ooze (D:2)
  2 giant geckos (D:1)
  8 goblins (D:1)
  6 hobgoblins
  A quokka (D:2)
  6 bats
  7 kobolds
  6 rats
39 creatures vanquished.

Notes
Turn   | Place    | Note
--------------------------------------------------------------
     0 | D:1      | RedPan the Draconian Ice Elementalist began the quest for the Orb.
     0 | D:1      | Reached XP level 1. HP: 14/14 MP: 3/3
   232 | D:1      | Reached XP level 2. HP: 11/20 MP: 1/5
   276 | D:1      | Learned a level 2 spell: Throw Frost
   843 | D:1      | Reached XP level 3. HP: 23/26 MP: 4/7
  1261 | D:2      | Found a glowing golden altar of the Shining One.
  1397 | D:2      | HP: 1/26 [worm (10)]
  1402 | D:2      | Mangled by a worm

Vault maps used:
D:1:      saegor_arrival_simple_c, st_stairs_12, minmay_misc_feat_enclosed
D:2:      nicolae_overflow_crystal_walls, minitemple, kennysheep_generic_room_6

Action                   || total
-------------------------++-------
Melee: Unarmed           ||    17
       Short sword       ||    44
       Dagger            ||    37
 Cast: Freeze            ||    27
  Use: Scroll            ||     3
 Stab: Sleeping          ||     2
  Eat: Chunk             ||     2
